 Dungeon Crawl Stone Soup version 0.28-a0-1435-g82390b3a13 (webtiles) character file.

Game seed: 11819219064002241497

295 Gargoyl the Skirmisher (level 6, -9/52 (53) HPs)
             Began as a Gnoll Abyssal Knight on Jan 9, 2022.
             Was a Follower of Lugonu.
             Mangled by Crazy Yiuf (11 damage)
             ... on level 2 of the Dungeon.
             The game lasted 00:03:03 (2401 turns).

Gargoyl the Skirmisher (Gnoll Abyssal Knight)       Turns: 2401, Time: 00:03:04

HP:   -9/52 (53)    AC:  7    Str: 15    XL:     6   Next: 34%
MP:   9/9           EV: 11    Int:  9    God:    Lugonu [*.....]
Gold: 77            SH:  0    Dex: 12    Spells: 8/8 levels left

rFire   . . .      SeeInvis .   a - +1 hand axe
rCold   . . .      Faith    .   (no shield)
rNeg    . . .      Spirit   .   d - +0 ring mail
rPois   .          Reflect  .   (no helmet)
rElec   .          Harm     .   (no cloak)
rCorr   .          Rampage  .   (no gloves)
Will    .....                   c - +0 pair of boots
Stlth   +.........              (no amulet)
HPRegen 0.17/turn               (no ring)
MPRegen 0.11/turn               (no ring)

@: slowed, lightly drained, very slow
A: fangs 1, strong nose, distributed training
a: Renounce Religion, Depart the Abyss


You were on level 2 of the Dungeon.
You worshipped Lugonu.
Lugonu was aware of your devotion.
You visited 1 branch of the dungeon, and saw 2 of its levels.
You visited the Abyss 1 time.

You collected 77 gold pieces.

Inventory:

Hand Weapons
 a - a +1 hand axe (weapon)
Missiles
 b - 13 poisoned darts (quivered)
 f - 2 throwing nets
Armour
 c - a +0 pair of boots (worn)
 d - a +0 ring mail (worn)
Scrolls
 e - a scroll of magic mapping
 g - a scroll of immolation {unknown}
 h - a scroll of fog {unknown}
 i - 2 scrolls of enchant armour {unknown}


   Skills:
 + Level 6.8 Fighting
 + Level 1.9 Short Blades
 + Level 1.9 Long Blades
 + Level 5.0 Axes
 + Level 1.9 Maces & Flails
 + Level 1.9 Polearms
 + Level 1.9 Staves
 + Level 1.9 Slings
 + Level 1.9 Bows
 + Level 1.9 Crossbows
 + Level 1.9 Throwing
 + Level 5.0 Armour
 + Level 3.2 Dodging
 + Level 1.9 Stealth
 + Level 1.9 Shields
 + Level 1.9 Unarmed Combat
 + Level 1.9 Spellcasting
 + Level 1.5 Conjurations
 + Level 1.5 Hexes
 + Level 1.5 Summonings
 + Level 1.5 Necromancy
 + Level 1.5 Translocations
 + Level 1.5 Transmutations
 + Level 1.5 Fire Magic
 + Level 1.5 Ice Magic
 + Level 1.5 Air Magic
 + Level 1.5 Earth Magic
 + Level 1.5 Poison Magic
 + Level 5.0 Invocations
 + Level 1.9 Evocations


You had 8 spell levels left.
You didn't know any spells.
Your spell library was empty.

Dungeon Overview and Level Annotations

Branches:
Dungeon (2/15)

Altars:

Annotations:
D:2 Crazy Yiuf


Innate Abilities, Weirdness & Mutations

You have very sharp teeth.
Your uncanny sense of smell can sniff out nearby items.
Your experience applies equally to all skills.


Message History

i - 2 scrolls labelled ZUITIDGH DEJARRIN (gained 1) Key pressed, stopping explore.
Found a mace.
Found a runed translucent door.
Crazy Yiuf shouts!
Crazy Yiuf says, "Defame green agre!"
Found 12 stones.
You now have 77 gold pieces (gained 9).
Crazy Yiuf yells, "Papa!"
You open the door.
Crazy Yiuf says, "Prologue ena dark!"
You hit Crazy Yiuf but do no damage.
Crazy Yiuf whimpers, "Gnoll testudinal stair!"
Crazy Yiuf completely misses you.
You barely miss Crazy Yiuf.
Crazy Yiuf hits you with a +3 quarterstaff of chaos!
You feel drained.
You slash Crazy Yiuf!
Crazy Yiuf is moderately wounded.
Crazy Yiuf hits you with a +3 quarterstaff of chaos.
You are confused.
You bump into the stone wall.
Crazy Yiuf hits you but does no damage.
You are electrocuted!
You closely miss Crazy Yiuf.
Crazy Yiuf is moderately wounded.
Crazy Yiuf closely misses you.
You're too confused to move!
You feel less confused.
Crazy Yiuf hits you with a +3 quarterstaff of chaos!
You feel yourself slow down.
You aren't carrying any potions.
You barely miss Crazy Yiuf.
Crazy Yiuf is moderately wounded.
Crazy Yiuf hits you with a +3 quarterstaff of chaos!
* * * LOW HITPOINT WARNING * * *
You closely miss Crazy Yiuf.
Crazy Yiuf is moderately wounded.
Crazy Yiuf hits you with a +3 quarterstaff of chaos!
* * * LOW HITPOINT WARNING * * *
Crazy Yiuf hits you with a +3 quarterstaff of chaos!
You die...

#.# #.......##.# #.#
#.# #.#####.##.#####.#
#.# #.# #.##.##....#
#.# #.# ############
#.# #.# #.# #.###♣♣♣♣♣
#.####.#....♣.♣♣♣ ###
#............♣..♣#...#
######......♣♣♣♣@g...#
#####.....♣♣ ♣♣#..)#
##...#.###♣♣ ###
........# .......##
.>......## ##########
.........# #....(...#
.........# #.########
..>..###.# #.#


You could see Crazy Yiuf.

Vanquished Creatures
  Sigmund (D:1)
  A jelly (D:2)
  Jessica (D:2)
  3 adders (D:2)
  2 dart slugs
  7 endoplasms
  2 giant cockroaches
  6 goblins
  2 hobgoblins
  4 jackals (D:1)
  2 kobolds (D:1)
  4 quokkas
  4 ball pythons
  7 bats
  2 frilled lizards
  7 rats
55 creatures vanquished.

Vanquished Creatures (others)
  6 fungi
  A plant (D:1)
7 creatures vanquished.

Grand Total: 62 creatures vanquished

Notes
Turn   | Place    | Note
-------+----------+-------------------------------------------
     0 | Abyss:1  | Gargoyl the Gnoll Abyssal Knight began the quest for the
                  | Orb.
     0 | Abyss:1  | Reached XP level 1. HP: 23/23 MP: 3/3
     0 | D:1      | Escaped the Abyss
   227 | D:1      | Reached XP level 2. HP: 19/29 MP: 5/5
   491 | D:1      | Reached * piety under Lugonu
   534 | D:1      | Found a faded altar of an unknown god.
   720 | D:1      | Reached XP level 3. HP: 35/35 MP: 6/6
  1008 | D:2      | Noticed Sigmund
  1107 | D:1      | Killed Sigmund
  1108 | D:1      | Reached skill level 1 in Short Blades
  1108 | D:1      | Reached skill level 1 in Long Blades
  1108 | D:1      | Reached skill level 1 in Maces & Flails
  1108 | D:1      | Reached skill level 1 in Polearms
  1108 | D:1      | Reached skill level 1 in Staves
  1108 | D:1      | Reached skill level 1 in Slings
  1108 | D:1      | Reached skill level 1 in Bows
  1108 | D:1      | Reached skill level 1 in Crossbows
  1108 | D:1      | Reached skill level 1 in Throwing
  1108 | D:1      | Reached skill level 1 in Stealth
  1108 | D:1      | Reached skill level 1 in Shields
  1108 | D:1      | Reached skill level 1 in Unarmed Combat
  1108 | D:1      | Reached skill level 1 in Spellcasting
  1108 | D:1      | Reached skill level 1 in Conjurations
  1108 | D:1      | Reached skill level 1 in Hexes
  1108 | D:1      | Reached skill level 1 in Summonings
  1108 | D:1      | Reached skill level 1 in Necromancy
  1108 | D:1      | Reached skill level 1 in Translocations
  1108 | D:1      | Reached skill level 1 in Transmutations
  1108 | D:1      | Reached skill level 1 in Fire Magic
  1108 | D:1      | Reached skill level 1 in Ice Magic
  1108 | D:1      | Reached skill level 1 in Air Magic
  1108 | D:1      | Reached skill level 1 in Earth Magic
  1108 | D:1      | Reached skill level 1 in Poison Magic
  1108 | D:1      | Reached skill level 1 in Evocations
  1108 | D:1      | Reached XP level 4. HP: 17/41 MP: 7/7
  1108 | D:1      | Reached XP level 5. HP: 19/47 MP: 8/8
  1312 | D:2      | Reached skill level 5 in Invocations
  1462 | D:2      | Reached XP level 6. HP: 53/53 MP: 9/9
  1619 | D:2      | Noticed Jessica
  1645 | D:2      | Killed Jessica
  2009 | D:2      | Reached skill level 5 in Axes
  2009 | D:2      | Reached skill level 5 in Armour
  2320 | D:2      | Found a runed translucent door.
  2321 | D:2      | Noticed Crazy Yiuf
  2401 | D:2      | HP: 2/52 [Crazy Yiuf (7)]
  2401 | D:2      | Mangled by Crazy Yiuf

Illustrated notes

Levels and vault maps discovered:
D:1:      psy_arrival_whirlpool, layout_loops_ring,
          dreamdust_ecumenical_altar_grove
D:2:      layout_loops_ring, uniq_crazy_yiuf_cottage, uniq_jessica, uniq_sigmund

Skill      XL: |  1  2  3  4  5  6 |
---------------+-------------------+-----
Short Blades   | 1 |  1.9
Long Blades    | 1 |  1.9
Maces & Flails | 1 |  1.9
Polearms       | 1 |  1.9
Staves         | 1 |  1.9
Slings         | 1 |  1.9
Bows           | 1 |  1.9
Crossbows      | 1 |  1.9
Throwing       | 1 |  1.9
Dodging        | 3 |  3.2
Stealth        | 1 |  1.9
Shields        | 1 |  1.9
Unarmed Combat | 1 |  1.9
Spellcasting   | 1 |  1.9
Conjurations   | 1 |  1.5
Hexes          | 1 |  1.5
Summonings     | 1 |  1.5
Necromancy     | 1 |  1.5
Translocations | 1 |  1.5
Transmutations | 1 |  1.5
Fire Magic     | 1 |  1.5
Ice Magic      | 1 |  1.5
Air Magic      | 1 |  1.5
Earth Magic    | 1 |  1.5
Poison Magic   | 1 |  1.5
Evocations     | 1 |  1.9
Invocations    | 5 |  5.0
Axes           | 5 |  5.0
Armour         | 5 |  5.0
Fighting       | |  6.8

Action                   |  1- 3 |  4- 6 || total
-------------------------+-------+-------++-------
Melee: Hand axe          |    74 |    92 ||   166
       Bite              |     9 |     6 ||    15
       Punch             |       |     1 ||     1
Invok: Depart the Abyss  |     1 |       ||     1
  Use: Scroll            |     2 |       ||     2
 Stab: Sleeping          |       |     1 ||     1
Armor: Leather armour    |    17 |       ||    17
       Ring mail         |    15 |    57 ||    72
Dodge: Dodged            |    69 |    56 ||   125

Table legend: (Time is in decaauts)
 A = Elapsed time spent in this place.
 B = Non-inter-level travel time spent in this place.
 C = Inter-level travel time spent in this place.
 D = Time resting spent in this place.
 E = Time spent auto-exploring this place.
 F = Levels seen in this place.
 G = Mean time per level.
                   A        B        C        D        E       F      G
               +--------+--------+--------+--------+--------+-----+--------+
         Total |   2423 |   2387 |     36 |    277 |   1574 |   3 |  807.7 |
       Dungeon |   2423 |   2387 |     36 |    277 |   1574 |   2 | 1211.5 |
         Abyss |      0 |      0 |      0 |      0 |      0 |   1 |    0.0 |
               +--------+--------+--------+--------+--------+-----+--------+

Top non-repeatable levels by time:
     D:1: 1296 daAuts
     D:2: 1126 daAuts
